 Dungeon Crawl Stone Soup version 0.31-a0-174-g85c54bcb58 (webtiles) character file.

Game seed: 8744412342840488820

109 qw the Shooter (level 4, -2/40 HPs)
             Began as a Naga Hunter on June 15, 2023.
             Slain by a gnoll
             ... wielding a +0 whip
              (5 damage)
             ... on level 2 of the Dungeon.
             The game lasted 00:00:22 (1196 turns).

qw the Shooter (Naga Hunter)                        Turns: 1196, Time: 00:00:22

Health: -2/40      AC:  2    Str: 13    XL:     4   Next: 90%
Magic:  4/4        EV:  9    Int: 10    God:
Gold:   119        SH:  0    Dex: 16    Spells: 3/3 levels left

rFire   . . .        Y - +0 shortbow
rCold   . . .        (shield currently unavailable)
rNeg    . . .        c - +0 leather armour
rPois   +            (no helmet)
rElec   .            (no cloak)
rCorr   .            (no gloves)
SInv    +            (no barding)
Will    .....        (no amulet)
Stlth   ++           (no ring)
HPRegen 0.26/turn    (no ring)
MPRegen 0.09/turn

%: no passive effects
@: short of breath, very slow
A: AC +1, large, see invisible, deformed body, poison resistance, slowness 2,
spit poison 1, naga tail 1
a: Spit Poison


You were on level 2 of the Dungeon.
You visited 1 branch of the dungeon, and saw 2 of its levels.

You collected 119 gold pieces.


Innate Abilities, Weirdness & Mutations

Your serpentine skin is tough. (AC +1)
You have supernaturally acute eyesight. (SInv)
Armour fits poorly on your strangely shaped body.
Your system is resistant to poisons. (rPois)
You cover ground very slowly.
You can spit poison.
You have a snake-like lower body.


   Skills:
 + Level 2.9 Fighting
 - Level 5.1 Ranged Weapons
 - Level 1.5 Dodging
 - Level 1.5 Stealth


You had 3 spell levels left.
You didn't know any spells.
Your spell library was empty.

Inventory:

Hand Weapons
 Y - a +0 shortbow (weapon)
Armour
 c - a +0 leather armour (worn)
Scrolls
 a - a scroll of blinking {unknown}
 b - a scroll of fear {unknown}
Potions
 e - a potion of curing {unknown}
 f - a potion of resistance {unknown}
 g - a potion of brilliance {unknown}

Dungeon Overview and Level Annotations

Branches:
Dungeon (2/15)

Altars:


Message History

You kill the gnoll!
You struggle against the net.
The gnoll hits you from afar with a +0 spear.
You struggle against the net.
The gnoll barely misses you.
You tear a large gash into the net.
The gnoll hits you from afar with a +0 spear.
You shred the net and break free!
The gnoll hits you from afar with a +0 spear.
1189 ||| INVOKING Spit Poison.
Aiming: Spit Poison (1% risk of failure)
Press: ? - help, Shift-Dir - straight line, f - gnoll The splash of poison hits the gnoll.
The gnoll is poisoned.
The gnoll is lightly wounded.
The gnoll hits you from afar with a +0 spear.
You shoot an arrow. The arrow hits the gnoll.
The gnoll is heavily wounded.
The gnoll hits you from afar with a +0 spear.
You shoot an arrow.
The arrow hits the gnoll but does no damage.
The gnoll is heavily wounded.
The gnoll barely misses you.
You shoot an arrow. The arrow hits the gnoll!
You kill the gnoll!
You shoot an arrow. The arrow hits the gnoll!
The gnoll is severely wounded.
The gnoll hits you with a +0 flail.
You shoot an arrow. The arrow hits the gnoll.
The gnoll is almost dead.
You have got your breath back.
The gnoll hits you with a +0 flail.
1195 ||| INVOKING Spit Poison.
Aiming: Spit Poison (1% risk of failure)
Press: ? - help, Shift-Dir - straight line, f/p - gnoll The splash of poison hits the gnoll.
You kill the gnoll!
You shoot an arrow. The arrow hits the gnoll.
The gnoll is moderately wounded.
The gnoll hits you with a +0 whip.
You die...

#.# #.#. #.# ..#.##.#
..#.##.# # #.##.# #
#)##.# #########
#.#.##.# #.......#
#.#.##.###.......######
....)....'%.....@g)...+
#.#.##.###.......######
#.#....# #.......#
.......###########
#...>....# #...###....
#....# .### ..[..# ..
####.# .


You could see a gnoll.

Vanquished Creatures
  Natasha (twice) (D:2)
  3 gnolls (D:2)
  2 ball pythons (D:1)
  4 bats
  4 endoplasms
  A giant cockroach (D:1)
  3 goblins (D:1)
  3 hobgoblins
  A quokka (D:1)
  A frilled lizard (D:2)
  3 kobolds
  2 rats (D:1)
29 creatures vanquished.

Notes
Turn   | Place    | Note
-------+----------+-------------------------------------------
     0 | D:1      | qw the Naga Hunter began the quest for the Orb.
     0 | D:1      | Reached XP level 1. HP: 19/19 MP: 1/1
     0 | D:1      | 0 ||| qw: Version: 0.2-a-29-g511e9b1
     0 | D:1      | 0 ||| qw: Game counter: 5627
     0 | D:1      | 0 ||| qw: Always use a shield: true
     0 | D:1      | 0 ||| qw: God list: Okawaru
     0 | D:1      | 0 ||| qw: Allow faded altars: false
     0 | D:1      | 0 ||| qw: Do Orc after D:15 true
     0 | D:1      | 0 ||| qw: Do second Lair branch before Depths: true
     0 | D:1      | 0 ||| qw: Lair rune preference: random
     0 | D:1      | 0 ||| qw: Plans: Normal
     0 | D:1      | 0 ||| PLANNING D:1-11
     5 | D:1      | 5 ||| DROPPING +0 sling of draining.
    23 | D:1      | 23 ||| INVOKING Spit Poison.
    96 | D:1      | 96 ||| INVOKING Spit Poison.
   165 | D:1      | 165 ||| INVOKING Spit Poison.
   186 | D:1      | 186 ||| INVOKING Spit Poison.
   190 | D:1      | 190 ||| INVOKING Spit Poison.
   193 | D:1      | Reached skill level 4 in Ranged Weapons
   193 | D:1      | Reached XP level 2. HP: 17/26 MP: 2/2
   269 | D:1      | 269 ||| INVOKING Spit Poison.
   367 | D:1      | 367 ||| INVOKING Spit Poison.
   455 | D:1      | 455 ||| INVOKING Spit Poison.
   469 | D:1      | 469 ||| INVOKING Spit Poison.
   470 | D:1      | 470 ||| INVOKING Spit Poison.
   476 | D:1      | 476 ||| INVOKING Spit Poison.
   523 | D:1      | 523 ||| INVOKING Spit Poison.
   530 | D:1      | 530 ||| INVOKING Spit Poison.
   618 | D:1      | 618 ||| INVOKING Spit Poison.
   701 | D:1      | 701 ||| INVOKING Spit Poison.
   826 | D:1      | 826 ||| READING scroll labelled ASIOLO QAQENUL.
   827 | D:1      | 827 ||| DROPPING scroll of butterflies.
   867 | D:2      | 867 ||| INVOKING Spit Poison.
   882 | D:2      | Noticed Natasha
   883 | D:2      | 883 ||| Stepping ~*~*~tactically~*~*~ (outnumbered).
   884 | D:2      | 884 ||| INVOKING Spit Poison.
   889 | D:2      | 889 ||| INVOKING Spit Poison.
   890 | D:2      | Killed Natasha
   891 | D:2      | Reached XP level 3. HP: 17/32 MP: 3/3
   993 | D:2      | Noticed Natasha
  1016 | D:2      | Killed Natasha
  1017 | D:2      | Reached skill level 5 in Ranged Weapons
  1017 | D:2      | Reached XP level 4. HP: 32/39 MP: 4/4
  1096 | D:2      | 1096 ||| INVOKING Spit Poison.
  1124 | D:2      | 1124 ||| INVOKING Spit Poison.
  1154 | D:2      | 1154 ||| INVOKING Spit Poison.
  1163 | D:2      | 1163 ||| INVOKING Spit Poison.
  1169 | D:2      | 1169 ||| INVOKING Spit Poison.
  1173 | D:2      | 1173 ||| INVOKING Spit Poison.
  1179 | D:2      | 1179 ||| INVOKING Spit Poison.
  1180 | D:2      | 1180 ||| INVOKING Spit Poison.
  1189 | D:2      | 1189 ||| INVOKING Spit Poison.
  1193 | D:2      | HP: 7/40 [gnoll/+0 flail (5)]
  1194 | D:2      | HP: 2/40 [gnoll/+0 flail (5)]
  1195 | D:2      | 1195 ||| INVOKING Spit Poison.
  1196 | D:2      | Slain by a gnoll

Levels and vault maps discovered:
D:1:      dpeg_arrival_houses_and_road, layout_loops_ring, serial_forest,
          infiniplex_forest_clump_diagonal, infiniplex_forest_straight_2,
          infiniplex_forest_clump_cross, infiniplex_forest_lined_room_2,
          infiniplex_forest_diagonal, infiniplex_forest_clump_double,
          infiniplex_forest_clump_small, chequers_serial_rivers_micro_b,
          fountainhead, hangedman_feature_mirror,
          hangedman_decor_diamond_cutter, chequers_serial_rivers_micro_c
D:2:      layout_basic, uniq_natasha, uniq_robin

Skill      XL: |  1  2  3 |
---------------+----------+-----
Ranged Weapons | 4 5 |  5.1
Fighting       | |  2.9
Dodging        | |  1.5
Stealth        | |  1.5

Action                     |  1- 3 |  4- 6 || total
---------------------------+-------+-------++-------
   Fire: Shortbow          |    42 |    16 ||    58
Ability: Spit Poison       |    17 |     9 ||    26
    Use: Scroll            |     1 |       ||     1
 Armour: Leather armour    |     3 |       ||     3
  Dodge: Dodged            |     6 |     4 ||    10

Table legend:
 A = Non-vault XP
 B = Vault XP
 C = Vault XP percentage of total XP
 D = Non-vault monster count
 E = Vault monster count
 F = Vault count percentage of total count
                 A         B        C        D         E       F
            +---------+---------+-------+---------+---------+-------
      Total |     118 |      39 |  24.8 |      26 |       3 |  10.3
            +---------+---------+-------+---------+---------+-------
        D:1 |      24 |       4 |  14.3 |      14 |       2 |  12.5
        D:2 |      94 |      35 |  27.1 |      12 |       1 |   7.7
            +---------+---------+-------+---------+---------+-------
